 Dungeon Crawl Stone Soup version 0.30-a0-737-gf23d94013f (webtiles) character file.

Game seed: 7976057394239884941

24 jimonade the Magician (level 3, -1/25 HPs)
             Began as a Djinni Hedge Wizard on Feb 2, 2023.
             Slain by a worm (7 damage)
             ... on level 1 of the Dungeon.
             The game lasted 00:01:53 (1071 turns).

jimonade the Magician (Djinni Hedge Wizard)         Turns: 1071, Time: 00:01:53

Health: -1/25      AC:  3    Str: 11    XL:     3   Next: 15%
Gold:   69         EV: 12    Int: 15    God:
                   SH:  0    Dex: 12

rFire   + + .      SeeInvis .    a - +0 dagger
rCold   x . .      Faith    .    (no shield)
rNeg    . . .      Spirit   .    b - +0 robe
rPois   ∞          Reflect  .    c - +0 hat
rElec   .          Harm     .    (no cloak)
rCorr   .          Rampage  .    l - +0 pair of gloves
Will    .....                    (boots unavailable)
Stlth   ++                       (no amulet)
HPRegen 0.24/turn                (no ring)
MPRegen 0.00/turn                (no ring)

@: flying, very slightly contaminated
A: sickness immunity, fire resistance 2, cold vulnerability 1, float, innate
caster, HP casting, extra vitality 1
a: no special abilities


You were on level 1 of the Dungeon.
You visited 1 branch of the dungeon, and saw 2 of its levels.

You collected 69 gold pieces.

Inventory:

Hand Weapons
 a - a +0 dagger (weapon)
Missiles
 j - 5 datura-tipped darts
Armour
 b - a +0 robe (worn)
 c - a +0 hat (worn)
 h - a +0 ring mail
 l - a +0 pair of gloves (worn)
Scrolls
 f - a scroll of amnesia {unknown}
 m - a scroll of teleportation {unknown}
Potions
 d - a potion of magic
 e - a potion of flight {unknown}
 g - 2 potions of curing {unknown}
 i - a potion of cancellation {unknown}
 k - a potion of resistance {unknown}
 n - a potion of might {unknown}


   Skills:
 + Level 2.2 Dodging
 - Level 1.5 Stealth
 * Level 3.2 Spellcasting


You couldn't memorise any spells.
You knew the following spells:

 Your Spells              Type           Power      Damage    Failure   Level
a - Magic Dart            Conj           48%        1d5       5%          1
b - Slow                  Hex            48%        N/A       5%          1
c - Blink                 Tloc           24%        N/A       8%          2
d - Call Imp              Summ           12%        N/A       8%          2
e - Mephitic Cloud        Conj/Pois/Air  12%        N/A       16%         3
f - Sandblast             Erth           24%        2d8       5%          1
Your spell library was empty.

Dungeon Overview and Level Annotations

Branches:
Dungeon (2/15)

Altars:

Shops:
D:1 !


Innate Abilities, Weirdness & Mutations

You are immune to sickness and miasma.
You are immune to poison.
Your flesh is very heat resistant. (rF++)
You are vulnerable to cold. (rC-)
You float through the air rather than walking.
You learn spells naturally, not from books.
Your magical power is your life essence.
You have superior vitality. (+4 MHP)


Message History

The worm is moderately wounded.
You miscast Magic Dart.
You are very lightly contaminated with residual magic.
Nothing appears to happen.
The worm barely misses you.
The magic dart hits the worm.
The worm is heavily wounded.
You miscast Magic Dart.
Nothing appears to happen.
The worm bites you!
The magic dart hits the worm.
The worm is heavily wounded.
The worm bites you.
You are too injured to fight recklessly!
You are too injured to fight recklessly!
Aiming: Magic Dart (safe; 5% risk of failure)
Press: ? - help, Q - select action, (/) - cycle Shift-Dir - straight line, f/p - worm
Aim: a worm (heavily wounded, 100% to hit)
The magic dart hits the worm.
The worm is heavily wounded.
Aiming: Magic Dart (safe; 5% risk of failure)
Press: ? - help, Q - select action, (/) - cycle Shift-Dir - straight line, f/p - worm
Aim: a worm (heavily wounded, 100% to hit)
The magic dart hits the worm.
The worm is severely wounded.
* * * LOW HITPOINT WARNING * * *
The worm barely misses you.
You fly upwards.
There is a stone staircase leading down here.
Aiming: Magic Dart (safe; 5% risk of failure)
Press: ? - help, Q - select action, (/) - cycle Shift-Dir - straight line, f - worm
Aim: a worm (severely wounded, 100% to hit)
You miscast Magic Dart.
Nothing appears to happen.
* * * LOW HITPOINT WARNING * * *
The worm barely misses you.
Aiming: Magic Dart (safe; 5% risk of failure)
Press: ? - help, Q - select action, (/) - cycle Shift-Dir - straight line, f/p - worm
Aim: a worm (severely wounded, 100% to hit)
The magic dart hits the worm.
The worm is almost dead.
* * * LOW HITPOINT WARNING * * *
The worm bites you!
You die...

.# ###.....######.#
.#########.###..##....#
.##.....##.# ##.###.#.###### #
.##.....##.# #............######
.##.....##.# #..##..(.....~.....
.##.....##.## #..##.......≈≈≈≈≈.≈
.##.........# #..##.......≈♣♣♣≈~≈
###.....##.## #..##.......≈♣ ♣≈.≈
........##..####@##......~≈♣♣♣≈.≈
........###....#w##.......≈≈≈≈≈~≈
........# ####.#.##......~..~~.~.
........# #.....#......~≈≈≈≈≈~≈
######### #..#..#.......≈♣♣♣≈.≈ #
#######.....#.####..≈♣ ♣≈.≈
#.........#.#.# ##~≈♣♣♣≈~≈
#.####.#....#.# ##.≈≈≈≈≈.≈ ###
#.# #.#.##.#.# #.......~~


You could see a worm.

Vanquished Creatures
  A gnoll (D:1)
  A dart slug (D:1)
  A bat (D:1)
  2 endoplasms (D:1)
  2 goblins (D:1)
  2 hobgoblins (D:1)
  A ball python (D:1)
  2 frilled lizards (D:1)
12 creatures vanquished.

Vanquished Creatures (others)
  7 toadstools (D:1)
7 creatures vanquished.

Grand Total: 19 creatures vanquished

Notes
Turn   | Place    | Note
-------+----------+-------------------------------------------
     0 | D:1      | jimonade the Djinni Hedge Wizard began the quest for the
                  | Orb.
     0 | D:1      | jimonade set off with the following spells memorised: Magic
                  | Dart, Slow, Blink, Call Imp, Mephitic Cloud.
     0 | D:1      | Reached XP level 1. HP: 15/15 MP: 0/0
   225 | D:1      | Found Samockie's Distillery.
   257 | D:1      | Found a faded altar of an unknown god.
   383 | D:1      | Reached XP level 2. HP: 19/21 MP: 0/0
   402 | D:1      | Reached skill level 3 in Spellcasting
   676 | D:1      | Reached XP level 3. HP: 24/25 MP: 0/0
   676 | D:1      | Learned a level 1 spell: Sandblast
  1071 | D:1      | Slain by a worm

Illustrated notes

Levels and vault maps discovered:
D:1:      nagdon_arrival_zigzag_paths, layout_basic,
          hellmonk_ecumenical_altar_heavens_door, serial_shops,
          nicolae_shop_hallway_plus, kennysheep_boxes
D:2:      layout_basic, basic_altar, kennysheep_jessica_study

Skill      XL: |  1  2 |
---------------+-------+-----
Spellcasting   | 3 |  3.2
Dodging        | |  2.2
Stealth        | |  1.5

Action                     || total
---------------------------++-------
   Cast: Magic Dart        ||    45
 Armour: Robe              ||     1
  Dodge: Dodged            ||     5

Table legend: (Time is in decaauts)
 A = Elapsed time spent in this place.
 B = Non-inter-level travel time spent in this place.
 C = Inter-level travel time spent in this place.
 D = Time resting spent in this place.
 E = Time spent auto-exploring this place.
 F = Levels seen in this place.
 G = Mean time per level.
                   A        B        C        D        E       F      G
               +--------+--------+--------+--------+--------+-----+--------+
         Total |   1072 |   1003 |     69 |    145 |    746 |   2 |  536.0 |
       Dungeon |   1072 |   1003 |     69 |    145 |    746 |   2 |  536.0 |
               +--------+--------+--------+--------+--------+-----+--------+

Top non-repeatable levels by time:
     D:1: 1045 daAuts
     D:2: 27 daAuts
